[Event "GER-chT Youth Countries 2020"]
[Site "Berlin"]
[Date "2020.10.02"]
[Round "5"]
[White "Yue, Qizhou"]
[Black "Werner, Rosalie"]
[Result "0-1"]
[ECO "C05"]
[WhiteElo "1775"]
[BlackElo "1688"]
[Annotator "NA"]
[PlyCount "108"]
[EventDate "2020.09.30"]
[EventType "team-tourn"]
[EventRounds "7"]
[EventCountry "GER"]
[SourceTitle "playchess.com"]
[Source "ChessBase"]
[SourceQuality "1"]
[TimeControl "30/5400+30:0"]

1. e4 e6 2. d4 d5 3. Nd2 Nf6 4. e5 Nfd7 5. f4 c5 6. c3 b6 7. Ngf3 Be7 8. Bd3 Ba6 9. Bxa6 Nxa6 10. Qe2 Nc7 11. h4 h5 12. Ng5 g6 13. Nf1 Kf8 14. Ne3 Kg7 15. Bd2 Nf8 16. Kf2 f5 17. exf6+ Bxf6 18. Nf3 c4 19. Nf1 Nd7 20. Ng3 Qf8 21. b3 b5 22. Rhe1 Qd6 23. Kg1 Rhe8 24. Kh2 Nf8 25. Ng5 Nh7 26. Qf3 Qd7 27. Re2 Be7 28. Rae1 Bd6 29. Qe3 Nf6 30. Qf3 Re7 31. Kh1 Ng4 32. Nf1 Rf8 33. Nh2 Nh6 34. g4 hxg4 35. Nxg4 Nf5 36. Qf2 Rh8 37. Nf3 Qd8 38. Kg2 Rf7 39. Rh1 Rh5 40. Ng5 Re7 41. Ne3 Nh6 42. Rhe1 Qf8 43. Nf1 Nf5 44. Nxe6+ Nxe6 45. Rxe6 Nxh4+ 46. Kg1 Rxe6 47. Rxe6 Qf5 48. Rxd6 Qg4+ 49. Ng3 Nf3+ 50. Kf1 Rh2 51. Qxh2 Nxh2+ 52. Kg2 Nf3 53. Bc1 Ne1+ 54. Kf2 Nd3+ 0-1

[Event "GER-chT Youth Countries 2020"]
[Site "Berlin"]
[Date "2020.10.02"]
[Round "5"]
[White "Hagenbeck-Huebert, Ben"]
[Black "Mundt, Alexandra"]
[Result "1-0"]
[ECO "B06"]
[WhiteElo "1749"]
[BlackElo "1786"]
[Annotator "NA"]
[PlyCount "65"]
[EventDate "2020.09.30"]
[EventType "team-tourn"]
[EventRounds "7"]
[EventCountry "GER"]
[SourceTitle "playchess.com"]
[Source "ChessBase"]
[SourceQuality "1"]
[TimeControl "30/5400+30:0"]

1. e4 g6 2. d4 Bg7 3. Nf3 d6 4. h3 Nd7 5. Nc3 e5 6. dxe5 Nxe5 7. Nxe5 Bxe5 8. Bc4 Be6 9. Bb3 Qd7 10. Be3 Ne7 11. f4 Bg7 12. Qd3 a6 13. O-O-O Bxb3 14. axb3 O-O-O 15. Qc4 Nc6 16. Nd5 Kb8 17. b4 Rhe8 18. Rhe1 Na7 19. Bxa7+ Kxa7 20. Qxc7 Qa4 21. Qb6+ Kb8 22. Qa5 Qxa5 23. bxa5 Rc8 24. Nb6 Rc6 25. Rd5 Re7 26. g4 Bh6 27. g5 Bg7 28. h4 f5 29. gxf6 Bxf6 30. h5 Bh4 31. Rh1 Bg3 32. hxg6 Bxf4+ 33. Kb1 1-0

[Event "GER-chT Youth Countries 2020"]
[Site "Berlin"]
[Date "2020.10.02"]
[Round "5"]
[White "Pohle, Saskia"]
[Black "Braeutigam, Katerina"]
[Result "0-1"]
[ECO "B10"]
[WhiteElo "1749"]
[BlackElo "1744"]
[Annotator "NA"]
[PlyCount "84"]
[EventDate "2020.09.30"]
[EventType "team-tourn"]
[EventRounds "7"]
[EventCountry "GER"]
[SourceTitle "playchess.com"]
[Source "ChessBase"]
[SourceQuality "1"]
[TimeControl "30/5400+30:0"]

1. e4 c6 2. Nc3 d5 3. Nf3 g6 4. d4 Bg7 5. e5 Bg4 6. Be2 e6 7. O-O Nd7 8. h3 Bxf3 9. Bxf3 h6 10. Be3 Ne7 11. Qd2 a6 12. Ne2 Nf5 13. c3 O-O 14. Bf4 Kh7 15. Ng3 Nxg3 16. Bxg3 c5 17. Be2 Qa5 18. Qe3 Rac8 19. Bd3 Nb6 20. h4 h5 21. Bf4 cxd4 22. cxd4 Nc4 23. Qe2 Kg8 24. b3 Na3 25. g4 hxg4 26. Qxg4 Qc3 27. Rad1 Rfe8 28. h5 gxh5 29. Qxh5 Kf8 30. Bg5 Qxd4 31. Bb5 Qxe5 32. Bxe8 Rxe8 33. Qh4 Nb5 34. Rfe1 Qf5 35. a4 Nd4 36. Rxd4 Bxd4 37. Qxd4 Qxg5+ 38. Kf1 Rd8 39. Re3 Rc8 40. Rg3 Qh6 41. Qb4+ Ke8 42. Qxb7 Qh1+ 0-1

[Event "GER-chT Youth Countries 2020"]
[Site "Berlin"]
[Date "2020.10.02"]
[Round "5"]
[White "Nitsche, Nikolai"]
[Black "Besou, Hussain"]
[Result "1/2-1/2"]
[ECO "A00"]
[WhiteElo "1721"]
[BlackElo "1825"]
[Annotator "NA"]
[PlyCount "65"]
[EventDate "2020.09.30"]
[EventType "team-tourn"]
[EventRounds "7"]
[EventCountry "GER"]
[SourceTitle "playchess.com"]
[Source "ChessBase"]
[SourceQuality "1"]
[TimeControl "30/5400+30:0"]

1. g3 Nf6 2. Bg2 g6 3. Nf3 Bg7 4. O-O O-O 5. d3 d5 6. c3 c6 7. Bg5 h6 8. Bxf6 Bxf6 9. Nbd2 e5 10. e4 Be6 11. d4 exd4 12. Nxd4 Bxd4 13. cxd4 dxe4 14. Nxe4 Nd7 15. Qd2 Kg7 16. Rfe1 Bd5 17. f4 Bxe4 18. Bxe4 Nf6 19. Bc2 Qd6 20. f5 g5 21. Rad1 Rad8 22. Qa5 Qb8 23. Re5 Rd7 24. Bb3 Rfd8 25. Qc5 a6 26. Rde1 Qc7 27. Re7 Rxe7 28. Rxe7 Rd7 29. Rxd7 Qxd7 30. Qe5 Qd8 31. h4 Kf8 32. hxg5 hxg5 33. Kg2 1/2-1/2

[Event "GER-chT Youth Countries 2020"]
[Site "Berlin"]
[Date "2020.10.02"]
[Round "5"]
[White "Zimmer, Luca"]
[Black "Weidenhoefer, Max"]
[Result "0-1"]
[ECO "B13"]
[WhiteElo "1690"]
[BlackElo "1897"]
[Annotator "NA"]
[PlyCount "59"]
[EventDate "2020.09.30"]
[EventType "team-tourn"]
[EventRounds "7"]
[EventCountry "GER"]
[SourceTitle "playchess.com"]
[Source "ChessBase"]
[SourceQuality "1"]
[TimeControl "30/5400+30:0"]

1. e4 c6 2. d4 d5 3. exd5 cxd5 4. Bd3 Nf6 5. c3 Nc6 6. Bf4 Bg4 7. Qb3 Qd7 8. Nd2 e6 9. Ngf3 Bd6 10. Bxd6 Qxd6 11. O-O O-O 12. Rae1 a6 13. Ne5 Rab8 14. f4 b5 15. Ndf3 Bxf3 16. Rxf3 Rfc8 17. f5 exf5 18. Bxf5 Rc7 19. Nxc6 Rxc6 20. Qd1 b4 21. cxb4 g6 22. Be6 Qd8 23. Bh3 Rxb4 24. Rb3 Rcc4 25. Rxb4 Rxb4 26. b3 Qb6 27. Kh1 Rxd4 28. Qc2 Ne4 29. g3 Rd2 30. Qc8+ 0-1

[Event "GER-chT Youth Countries 2020"]
[Site "Berlin"]
[Date "2020.10.02"]
[Round "5"]
[White "Trunz, Michelle"]
[Black "Lorenz, Veronika"]
[Result "1-0"]
[ECO "D32"]
[WhiteElo "1662"]
[BlackElo "1273"]
[Annotator "NA"]
[PlyCount "101"]
[EventDate "2020.09.30"]
[EventType "team-tourn"]
[EventRounds "7"]
[EventCountry "GER"]
[SourceTitle "playchess.com"]
[Source "ChessBase"]
[SourceQuality "1"]
[TimeControl "30/5400+30:0"]

1. d4 d5 2. c4 e6 3. Nc3 c5 4. cxd5 exd5 5. Nf3 Nc6 6. Bf4 Nf6 7. e3 cxd4 8. Nxd4 a6 9. Be2 Bd6 10. Bxd6 Qxd6 11. O-O O-O 12. Rc1 Be6 13. Bf3 Rac8 14. Qd2 Bg4 15. h3 Nxd4 16. Bxg4 Ne6 17. Bf5 Rfd8 18. Ne2 g6 19. Bb1 Rxc1 20. Rxc1 Ne4 21. Qd1 Qb6 22. b3 h6 23. Bd3 N6c5 24. Nd4 Nxd3 25. Qxd3 Qf6 26. Nf3 Qb2 27. Qc2 Qxc2 28. Rxc2 Rd7 29. Kf1 Kg7 30. Ke2 Kf6 31. Kd3 Ke6 32. Nd4+ Kd6 33. g4 Rc7 34. Rxc7 Kxc7 35. f4 Kd6 36. a3 Kc5 37. Nf3 Kd6 38. Ne5 Ke6 39. h4 Nf2+ 40. Kd4 Ne4 41. Nd3 h5 42. f5+ gxf5 43. gxh5 Ng3 44. Nf4+ Kf6 45. h6 Ne4 46. Kxd5 Nc3+ 47. Kc4 Nd1 48. Kd4 Nf2 49. h5 Ng4 50. Nd5+ Ke6 51. h7 1-0

[Event "GER-chT Youth Countries 2020"]
[Site "Berlin"]
[Date "2020.10.02"]
[Round "5"]
[White "Jacoby, Angelina"]
[Black "Mueller, Sophie Charlotte"]
[Result "1-0"]
[ECO "A15"]
[WhiteElo "1630"]
[BlackElo "1459"]
[Annotator "NA"]
[PlyCount "103"]
[EventDate "2020.09.30"]
[EventType "team-tourn"]
[EventRounds "7"]
[EventCountry "GER"]
[SourceTitle "playchess.com"]
[Source "ChessBase"]
[SourceQuality "1"]
[TimeControl "30/5400+30:0"]

1. c4 Nf6 2. g3 d6 3. Bg2 g6 4. b3 Bg7 5. Bb2 O-O 6. Nc3 c6 7. Rb1 e5 8. e4 Nbd7 9. Nge2 Nc5 10. d3 Ne8 11. O-O f5 12. f4 Nf6 13. h3 Be6 14. Ba3 Qb6 15. Kh2 Rfd8 16. b4 Na6 17. Na4 Qc7 18. b5 Nb8 19. Nac3 d5 20. exd5 cxd5 21. cxd5 Nxd5 22. Nxd5 Bxd5 23. Bxd5+ Rxd5 24. Rc1 Qd7 25. Qb3 Kh8 26. Rc8+ Qxc8 27. Qxd5 exf4 28. Rc1 fxg3+ 29. Nxg3 Qd7 30. Qc4 Be5 31. Qc8+ Qxc8 32. Rxc8+ Kg7 33. d4 Bf4 34. Kg2 a6 35. Ne2 axb5 36. Bf8+ Kf7 37. Nxf4 Rxa2+ 38. Kf3 Nc6 39. Bc5 g5 40. Rc7+ Ke8 41. Ne6 g4+ 42. hxg4 fxg4+ 43. Kxg4 Rg2+ 44. Kh3 Rg6 45. d5 Rh6+ 46. Kg3 Rg6+ 47. Kh4 Rh6+ 48. Kg5 Rg6+ 49. Kf5 Nd4+ 50. Bxd4 b4 51. Bc5 b3 52. Re7# 1-0

[Event "GER-chT Youth Countries 2020"]
[Site "Berlin"]
[Date "2020.10.02"]
[Round "5"]
[White "Wilmink, Anna"]
[Black "Schwenke, Mia"]
[Result "1/2-1/2"]
[ECO "C45"]
[WhiteElo "1608"]
[BlackElo "1265"]
[Annotator "NA"]
[PlyCount "76"]
[EventDate "2020.09.30"]
[EventType "team-tourn"]
[EventRounds "7"]
[EventCountry "GER"]
[SourceTitle "playchess.com"]
[Source "ChessBase"]
[SourceQuality "1"]
[TimeControl "30/5400+30:0"]

1. e4 e5 2. Nf3 Nc6 3. d4 exd4 4. Nxd4 Bc5 5. Be3 Qf6 6. c3 Nge7 7. Bc4 Qg6 8. Qf3 O-O 9. Nd2 d6 10. h3 Ne5 11. Qg3 Qxg3 12. fxg3 Nxc4 13. Nxc4 d5 14. Nd2 Bxd4 15. Bxd4 dxe4 16. Nxe4 Nf5 17. O-O Nxd4 18. cxd4 Re8 19. Ng5 f6 20. Nf3 Be6 21. Rfe1 Bd5 22. a3 Kf7 23. Kf2 Rad8 24. Rac1 c6 25. Rcd1 Bxf3 26. gxf3 Rxe1 27. Kxe1 Rd5 28. Ke2 Ke6 29. Kd3 c5 30. Kc3 cxd4+ 31. Rxd4 Rxd4 32. Kxd4 Kd6 33. a4 a5 34. f4 f5 35. g4 g6 36. g5 b6 37. h4 Ke6 38. Kc4 Kd6 1/2-1/2

[Event "GER-chT Youth Countries 2020"]
[Site "Berlin"]
[Date "2020.10.02"]
[Round "5"]
[White "Goepfert, Christian"]
[Black "Aumueller, Naum"]
[Result "1-0"]
[ECO "C54"]
[WhiteElo "1603"]
[BlackElo "1690"]
[Annotator "NA"]
[PlyCount "59"]
[EventDate "2020.09.30"]
[EventType "team-tourn"]
[EventRounds "7"]
[EventCountry "GER"]
[SourceTitle "playchess.com"]
[Source "ChessBase"]
[SourceQuality "1"]
[TimeControl "30/5400+30:0"]

1. e4 e5 2. Nf3 Nc6 3. Bc4 Bc5 4. c3 Nf6 5. d3 d6 6. O-O Bg4 7. h3 Bh5 8. Re1 h6 9. Nbd2 g5 10. Nf1 Rg8 11. Ng3 g4 12. Nxh5 Nxh5 13. hxg4 Rxg4 14. d4 Bb6 15. Nh2 Rh4 16. g3 exd4 17. gxh4 Qxh4 18. Qg4 Qxg4+ 19. Nxg4 Ke7 20. Nxh6 Ne5 21. Nf5+ Kd7 22. Be2 Nf6 23. cxd4 Rg8+ 24. Kf1 Neg4 25. f3 Nh2+ 26. Kf2 c5 27. Be3 cxd4 28. Bxd4 Bd8 29. Rg1 Re8 30. Bb5+ 1-0

[Event "GER-chT Youth Countries 2020"]
[Site "Berlin"]
[Date "2020.10.02"]
[Round "5"]
[White "Schulz, Hannah"]
[Black "Schwartz, Oliver"]
[Result "0-1"]
[ECO "B34"]
[WhiteElo "1589"]
[BlackElo "1794"]
[Annotator "NA"]
[PlyCount "51"]
[EventDate "2020.09.30"]
[EventType "team-tourn"]
[EventRounds "7"]
[EventCountry "GER"]
[SourceTitle "playchess.com"]
[Source "ChessBase"]
[SourceQuality "1"]
[TimeControl "30/5400+30:0"]

1. e4 c5 2. Nf3 Nc6 3. d4 cxd4 4. Nxd4 Nf6 5. Nc3 e5 6. Ndb5 d6 7. Bd3 a6 8. Na3 d5 9. Nxd5 Nxd5 10. exd5 Qxd5 11. O-O Bxa3 12. bxa3 Be6 13. c4 Qd7 14. Bb2 Rd8 15. Be2 O-O 16. Bc3 Nd4 17. Bb4 Rfe8 18. Rc1 Rc8 19. Qd2 Bg4 20. f3 Bf5 21. Rfd1 Rc6 22. Bd3 Rg6 23. Rf1 e4 24. fxe4 Bh3 25. Rf2 Bxg2 26. e5 0-1

[Event "GER-chT Youth Countries 2020"]
[Site "Berlin"]
[Date "2020.10.02"]
[Round "5"]
[White "Voigt, Anastasia"]
[Black "Brunner, Sophia"]
[Result "1-0"]
[ECO "C06"]
[WhiteElo "1562"]
[BlackElo "1850"]
[Annotator "NA"]
[PlyCount "151"]
[EventDate "2020.09.30"]
[EventType "team-tourn"]
[EventRounds "7"]
[EventCountry "GER"]
[SourceTitle "playchess.com"]
[Source "ChessBase"]
[SourceQuality "1"]
[TimeControl "30/5400+30:0"]

1. e4 e6 2. d4 d5 3. Nd2 Nf6 4. e5 Nfd7 5. Bd3 c5 6. c3 Nc6 7. Ne2 cxd4 8. cxd4 f6 9. exf6 Nxf6 10. Nf3 Qc7 11. Bf4 Bb4+ 12. Bd2 Bd6 13. O-O O-O 14. Ng3 Bd7 15. Re1 Rae8 16. Rc1 Qb8 17. a3 Kh8 18. b4 a6 19. Bc3 e5 20. dxe5 Nxe5 21. Nxe5 Bxe5 22. Bxe5 Rxe5 23. Rc3 Ng4 24. Rf1 Qd6 25. Be2 Nf6 26. Qd4 Rfe8 27. Re3 Rxe3 28. fxe3 Kg8 29. Bf3 Qe6 30. Re1 Bc6 31. Kf2 Rf8 32. Kg1 Re8 33. Nf1 Bb5 34. Nd2 Qe5 35. Qxe5 Rxe5 36. Nb3 Kf7 37. Nd4 Bc4 38. Kf2 g5 39. h3 h5 40. g4 h4 41. Rd1 Ne8 42. Ne2 Nd6 43. Nc3 Ke6 44. Rd4 Nb5 45. Nxb5 Bxb5 46. Rd1 Bc4 47. Be2 Bxe2 48. Kxe2 Kd6 49. Kd3 b5 50. Rf1 Re6 51. Rf5 Re5 52. Rf8 Re6 53. Ra8 Kc7 54. Rg8 Re5 55. Rg6 Kb7 56. Rf6 Re7 57. Rf5 Rg7 58. Rxd5 Kc6 59. Kd4 Rg8 60. e4 Rg7 61. e5 Rg6 62. Rc5+ Kd7 63. Ke4 Rg8 64. Kf5 Rg7 65. Kf6 Rg8 66. e6+ Kd6 67. Kf7 Ra8 68. Rxg5 Ra7+ 69. Kf6 Ra8 70. Rg7 Rc8 71. Rd7+ Kc6 72. g5 Rf8+ 73. Rf7 Rd8 74. e7 Rd6+ 75. Kg7 Kd7 76. Kf8 1-0

[Event "GER-chT Youth Countries 2020"]
[Site "Berlin"]
[Date "2020.10.02"]
[Round "5"]
[White "Kadach, Maria"]
[Black "Kiefhaber, Tobias"]
[Result "1/2-1/2"]
[ECO "A45"]
[WhiteElo "1539"]
[BlackElo "1542"]
[Annotator "NA"]
[PlyCount "78"]
[EventDate "2020.09.30"]
[EventType "team-tourn"]
[EventRounds "7"]
[EventCountry "GER"]
[SourceTitle "playchess.com"]
[Source "ChessBase"]
[SourceQuality "1"]
[TimeControl "30/5400+30:0"]

1. d4 Nf6 2. Bf4 d6 3. e3 g6 4. Nc3 Bg7 5. Bd3 Nbd7 6. Nf3 O-O 7. O-O Re8 8. e4 e5 9. dxe5 Nxe5 10. Nxe5 dxe5 11. Bg5 h6 12. Be3 Nh7 13. Qd2 g5 14. Rad1 c6 15. Bc4 Qf6 16. Ne2 h5 17. Qd6 Be6 18. Bxe6 Rxe6 19. Qb4 b5 20. Ng3 h4 21. Nf5 g4 22. Qd2 Kh8 23. f3 Qg6 24. Nxh4 Qh5 25. Nf5 Rg8 26. fxg4 Qxg4 27. Nd6 Rxd6 28. Qxd6 Bh6 29. Qxe5+ f6 30. Qg3 Bxe3+ 31. Kh1 Qxg3 32. hxg3 Rg6 33. Rd8+ Kg7 34. Rd7+ Kg8 35. Rf4 Bxf4 36. gxf4 Rg4 37. Rxa7 Rxf4 38. Rc7 Rxe4 39. Rxc6 Kf7 1/2-1/2

[Event "GER-chT Youth Countries 2020"]
[Site "Berlin"]
[Date "2020.10.02"]
[Round "5"]
[White "Uhlmann, Tim"]
[Black "Moldovan, Tatiana"]
[Result "1-0"]
[ECO "B28"]
[WhiteElo "1523"]
[BlackElo "1480"]
[Annotator "NA"]
[PlyCount "109"]
[EventDate "2020.09.30"]
[EventType "team-tourn"]
[EventRounds "7"]
[EventCountry "GER"]
[SourceTitle "playchess.com"]
[Source "ChessBase"]
[SourceQuality "1"]
[TimeControl "30/5400+30:0"]

1. e4 c5 2. Nf3 a6 3. c3 e6 4. d4 d5 5. e5 Bd7 6. Bd3 cxd4 7. cxd4 Bb5 8. Bc2 f6 9. Nc3 fxe5 10. Nxe5 Bd6 11. Qh5+ g6 12. Nxg6 hxg6 13. Qxh8 Kd7 14. Qg7+ Ne7 15. Nxb5 axb5 16. O-O Qc7 17. Bxg6 Bxh2+ 18. Kh1 Bd6 19. Bf7 Nbc6 20. Qf6 Qd8 21. Bxe6+ Kc7 22. g3 Qh8+ 23. Qxh8 Rxh8+ 24. Kg2 Nxd4 25. Bg4 Ndc6 26. f4 Rg8 27. Bh3 Nd4 28. Bd2 Ndf5 29. g4 Nd4 30. Bc3 Ndc6 31. f5 d4 32. Bd2 Nd5 33. Rae1 Ne5 34. g5 Nd3 35. Re4 Nxb2 36. f6 Nc4 37. f7 Rf8 38. Ba5+ Nxa5 39. g6 Ne3+ 40. Rxe3 dxe3 41. g7 e2 42. Re1 Rxf7 43. g8=Q Re7 44. Bg4 Kb6 45. Rxe2 Rxe2+ 46. Bxe2 Bc7 47. Qd5 Ka7 48. Qxb5 Ka8 49. Bf3 Kb8 50. Kh3 Ka8 51. Kg4 Kb8 52. Kf5 Ka8 53. Ke6 Kb8 54. Kd7 Nc6 55. Qc5 1-0

[Event "GER-chT Youth Countries 2020"]
[Site "Berlin"]
[Date "2020.10.02"]
[Round "5"]
[White "Koenig, Emmilie"]
[Black "Fuchs, Emily"]
[Result "0-1"]
[ECO "A46"]
[WhiteElo "1518"]
[BlackElo "1441"]
[Annotator "NA"]
[PlyCount "54"]
[EventDate "2020.09.30"]
[EventType "team-tourn"]
[EventRounds "7"]
[EventCountry "GER"]
[SourceTitle "playchess.com"]
[Source "ChessBase"]
[SourceQuality "1"]
[TimeControl "30/5400+30:0"]

1. d4 Nf6 2. Nf3 e6 3. Bf4 d5 4. e3 c5 5. c3 Nc6 6. Nbd2 Bd6 7. Bg3 O-O 8. Bd3 Bxg3 9. hxg3 Qe7 10. Ne5 h6 11. Nxc6 bxc6 12. Nf3 Nd7 13. Qc2 cxd4 14. exd4 c5 15. O-O-O a5 16. Qd2 a4 17. a3 Ba6 18. Rh3 Bxd3 19. Qxd3 Nf6 20. Nd2 Rfb8 21. Nb1 Ne4 22. Qe3 Nd6 23. Nd2 Qb7 24. Rdh1 Qxb2+ 25. Kd1 Nf5 26. Qf4 Qxc3 27. g4 Qxd4 0-1

[Event "GER-chT Youth Countries 2020"]
[Site "Berlin"]
[Date "2020.10.02"]
[Round "5"]
[White "Herrmann, Jakob"]
[Black "Grabs, Peter"]
[Result "0-1"]
[ECO "C00"]
[WhiteElo "1504"]
[BlackElo "1674"]
[Annotator "NA"]
[PlyCount "74"]
[EventDate "2020.09.30"]
[EventType "team-tourn"]
[EventRounds "7"]
[EventCountry "GER"]
[SourceTitle "playchess.com"]
[Source "ChessBase"]
[SourceQuality "1"]
[TimeControl "30/5400+30:0"]

1. e4 e6 2. Nf3 d5 3. e5 c5 4. b4 cxb4 5. a3 bxa3 6. d4 Nc6 7. c3 f6 8. Bxa3 Bxa3 9. Nxa3 fxe5 10. dxe5 Nge7 11. Bd3 Nf5 12. Nb5 O-O 13. O-O Nh4 14. Nfd4 Nxd4 15. cxd4 Qg5 16. g3 Nf3+ 17. Kh1 Qh5 18. h4 Qg4 19. Kg2 Nxh4+ 20. Kh2 Qxd1 21. Raxd1 Nf5 22. Rb1 a6 23. Bxf5 axb5 24. Bh3 Bd7 25. Rbc1 Rfc8 26. Kg1 Rxc1 27. Rxc1 Rc8 28. Ra1 b4 29. Ra7 Rc7 30. Ra2 Kf7 31. Bf1 b3 32. Rb2 Ba4 33. Bd3 b5 34. Kg2 h6 35. Kg1 Rc3 36. Rd2 Rc2 37. Rd1 b2 0-1

[Event "GER-chT Youth Countries 2020"]
[Site "Berlin"]
[Date "2020.10.02"]
[Round "5"]
[White "Werner, Florin"]
[Black "Schreidl, Michael"]
[Result "0-1"]
[ECO "C54"]
[WhiteElo "1481"]
[BlackElo "1640"]
[Annotator "NA"]
[PlyCount "78"]
[EventDate "2020.09.30"]
[EventType "team-tourn"]
[EventRounds "7"]
[EventCountry "GER"]
[SourceTitle "playchess.com"]
[Source "ChessBase"]
[SourceQuality "1"]
[TimeControl "30/5400+30:0"]

1. e4 e5 2. Nf3 Nc6 3. Bc4 Bc5 4. c3 Nf6 5. d4 exd4 6. e5 d5 7. Bb5 Ne4 8. O-O Bg4 9. cxd4 Bb6 10. Nc3 O-O 11. Bxc6 bxc6 12. Be3 f5 13. h3 Bh5 14. Re1 f4 15. Bc1 Ng5 16. Qd3 Bxf3 17. gxf3 Nxh3+ 18. Kf1 Qh4 19. Nd1 Qg5 20. b3 Qh5 21. Ke2 Ng5 22. Nc3 Ne6 23. Bb2 Nxd4+ 24. Kd2 Nxf3+ 25. Kc2 Nxe1+ 26. Rxe1 Bxf2 27. Re2 Be3 28. e6 Rfe8 29. Nd1 Rxe6 30. Rg2 Rg6 31. Re2 Re8 32. Nxe3 fxe3 33. Rxe3 Rg2+ 34. Kc3 Rxe3 35. Qxe3 Re2 36. Qxa7 Qf3+ 37. Kb4 Re4+ 38. Ka5 Qf8 39. Qxc7 Re7 0-1

[Event "GER-chT Youth Countries 2020"]
[Site "Berlin"]
[Date "2020.10.02"]
[Round "5"]
[White "Margaryan, Susanna"]
[Black "Ottlik, Marie"]
[Result "1-0"]
[ECO "A48"]
[WhiteElo "1450"]
[BlackElo "1454"]
[Annotator "NA"]
[PlyCount "95"]
[EventDate "2020.09.30"]
[EventType "team-tourn"]
[EventRounds "7"]
[EventCountry "GER"]
[SourceTitle "playchess.com"]
[Source "ChessBase"]
[SourceQuality "1"]
[TimeControl "30/5400+30:0"]

1. d4 Nf6 2. Nf3 g6 3. Bf4 Bg7 4. e3 d6 5. c4 O-O 6. Nc3 c5 7. Be2 Nbd7 8. O-O a6 9. d5 Rb8 10. a3 Re8 11. Qd2 Nf8 12. Rab1 Bd7 13. b4 cxb4 14. axb4 b5 15. Nd4 bxc4 16. Bxc4 a5 17. b5 Qc7 18. Nc6 Bxc6 19. dxc6 Ne6 20. Bxe6 fxe6 21. Rfc1 e5 22. Bg3 Rb6 23. Na4 Rbb8 24. b6 Qc8 25. c7 Rb7 26. Qxa5 Nd7 27. Qd5+ Kh8 28. Qa5 e6 29. e4 Bh6 30. Rd1 Nf6 31. f3 Be3+ 32. Bf2 Bxf2+ 33. Kxf2 Rf8 34. Kg1 Ne8 35. Nc5 Kg8 36. Nxb7 Qxb7 37. Rdc1 Nf6 38. Qa7 Qxa7 39. bxa7 Kg7 40. c8=Q Rxc8 41. Rxc8 d5 42. a8=Q Kh6 43. Rc7 d4 44. Qf8+ Kg5 45. h4+ Kf4 46. Re1 d3 47. Qxf6+ Kg3 48. Qg5# 1-0

[Event "GER-chT Youth Countries 2020"]
[Site "Berlin"]
[Date "2020.10.02"]
[Round "5"]
[White "Huppert, Anna"]
[Black "Zimmer, Tim"]
[Result "0-1"]
[ECO "C57"]
[WhiteElo "1440"]
[BlackElo "1025"]
[Annotator "NA"]
[PlyCount "62"]
[EventDate "2020.09.30"]
[EventType "team-tourn"]
[EventRounds "7"]
[EventCountry "GER"]
[SourceTitle "playchess.com"]
[Source "ChessBase"]
[SourceQuality "1"]
[TimeControl "30/5400+30:0"]

1. e4 e5 2. Nf3 Nc6 3. Bc4 Nf6 4. Ng5 d5 5. exd5 Nd4 6. d6 Qxd6 7. Nxf7 Qc6 8. Nxe5 Qe4+ 9. Kf1 Qxe5 10. c3 Nc6 11. d4 Qd6 12. Be3 Be6 13. Nd2 Be7 14. Ke2 Ng4 15. Bxe6 Qxe6 16. Nf3 Qg6 17. Bf4 Qe4+ 18. Be3 O-O-O 19. Re1 Nxe3 20. fxe3 Rhe8 21. Kf1 Rf8 22. Kg1 Bh4 23. Nxh4 Qxh4 24. Rf1 Qe4 25. Qd2 Rde8 26. Rae1 Rxf1+ 27. Kxf1 Rf8+ 28. Kg1 Ne7 29. Rf1 Rxf1+ 30. Kxf1 Qb1+ 31. Kf2 Qxa2 0-1

[Event "GER-chT Youth Countries 2020"]
[Site "Berlin"]
[Date "2020.10.02"]
[Round "5"]
[White "Avetyan, Manan"]
[Black "Schiewe, Nadin"]
[Result "0-1"]
[ECO "B01"]
[WhiteElo "1356"]
[BlackElo "1660"]
[Annotator "NA"]
[PlyCount "58"]
[EventDate "2020.09.30"]
[EventType "team-tourn"]
[EventRounds "7"]
[EventCountry "GER"]
[SourceTitle "playchess.com"]
[Source "ChessBase"]
[SourceQuality "1"]
[TimeControl "30/5400+30:0"]

1. e4 d5 2. exd5 Qxd5 3. Nc3 Qa5 4. d4 c6 5. Bd2 Qc7 6. Nf3 Nf6 7. h3 Bf5 8. Be2 e6 9. O-O Bd6 10. Re1 Nbd7 11. a3 O-O 12. Nh4 Bg6 13. Bc4 Rad8 14. Ne2 e5 15. Nxg6 hxg6 16. Bg5 Nb6 17. Bb3 exd4 18. Qd3 Kh7 19. Qf3 Be5 20. Bf4 Rfe8 21. Rad1 c5 22. Bxe5 Rxe5 23. Ng3 Rde8 24. Kf1 Qd7 25. Rxe5 Rxe5 26. Re1 Qb5+ 27. Re2 Rxe2 28. Nxe2 Nc4 29. a4 Nd2+ 0-1

[Event "GER-chT Youth Countries 2020"]
[Site "Berlin"]
[Date "2020.10.02"]
[Round "5"]
[White "Bako, Evelin"]
[Black "Haug, Mara"]
[Result "0-1"]
[ECO "B37"]
[WhiteElo "1192"]
[BlackElo "1366"]
[Annotator "NA"]
[PlyCount "84"]
[EventDate "2020.09.30"]
[EventType "team-tourn"]
[EventRounds "7"]
[EventCountry "GER"]
[SourceTitle "playchess.com"]
[Source "ChessBase"]
[SourceQuality "1"]
[TimeControl "30/5400+30:0"]

1. e4 c5 2. Nf3 Nc6 3. d4 cxd4 4. Nxd4 g6 5. c4 Bg7 6. Nc2 Nf6 7. Nc3 d6 8. Be2 O-O 9. Be3 Re8 10. O-O Bd7 11. Qd2 Ng4 12. Bxg4 Bxg4 13. f3 Bd7 14. Rfd1 Rc8 15. Rac1 Qa5 16. Na3 Qb4 17. Rc2 Ne5 18. Nd5 Qxd2 19. Rdxd2 b6 20. b3 Rc6 21. Nb5 e6 22. Nxa7 exd5 23. Nxc6 Nxc6 24. cxd5 Nb4 25. Rc4 Na6 26. Bxb6 Bb5 27. Rcc2 Nb4 28. Rc7 Ra8 29. a4 Ba6 30. Ra7 Rc8 31. Rc7 Rb8 32. Ba5 Bh6 33. Rd1 Nd3 34. h3 Rxb3 35. Bd2 Nf4 36. Kh2 Rb2 37. Bxf4 Bxf4+ 38. Kg1 Be3+ 39. Kh2 Be2 40. Rc8+ Kg7 41. Ra1 Bxf3 42. Kg3 Bxe4 0-1

[Event "GER-chT Youth Countries 2020"]
[Site "Berlin"]
[Date "2020.10.02"]
[Round "5"]
[White "Reich, Elisabeth"]
[Black "Eichhorn, Mathilda"]
[Result "0-1"]
[ECO "C00"]
[WhiteElo "1128"]
[BlackElo "1532"]
[Annotator "NA"]
[PlyCount "186"]
[EventDate "2020.09.30"]
[EventType "team-tourn"]
[EventRounds "7"]
[EventCountry "GER"]
[SourceTitle "playchess.com"]
[Source "ChessBase"]
[SourceQuality "1"]
[TimeControl "30/5400+30:0"]

1. e4 e6 2. d3 d5 3. Nd2 Nf6 4. Ngf3 c5 5. g3 Nc6 6. Bg2 Qc7 7. O-O Be7 8. c3 O-O 9. Re1 b6 10. e5 Nd7 11. d4 Ba6 12. Nf1 Na5 13. Ng5 h6 14. Nf3 Nc6 15. Ne3 cxd4 16. cxd4 Rac8 17. Bd2 Qb7 18. a3 Rfe8 19. b4 b5 20. Rc1 Qb6 21. Bc3 Bb7 22. Bb2 a5 23. bxa5 Qxa5 24. Ra1 Rb8 25. Qb3 Ba6 26. Bc3 Qc7 27. Rec1 Qb6 28. Nc2 Rec8 29. Nb4 Na5 30. Qb2 Nc4 31. Qb3 Qb7 32. Nxa6 Qxa6 33. Bb4 Bxb4 34. Qxb4 Ra8 35. Nd2 Ndb6 36. Nxc4 Nxc4 37. a4 bxa4 38. Bf1 Qb6 39. Qxb6 Nxb6 40. Rxc8+ Rxc8 41. Bb5 Ra8 42. Bc6 Ra7 43. Bb5 Rc7 44. Bxa4 Ra7 45. Rb1 Nxa4 46. Rb8+ Kh7 47. Rb4 Nc3 48. f4 Ra4 49. Rxa4 Nxa4 50. Kf2 Kg6 51. h3 Nc3 52. g4 Ne4+ 53. Kf3 h5 54. g5 Nd2+ 55. Ke3 Nb3 56. Kd3 Kf5 57. Ke3 h4 58. Kf3 Nxd4+ 59. Ke3 Nc2+ 60. Kf3 d4 61. Ke2 Kxf4 62. Kd3 Ne1+ 63. Kxd4 Kxg5 64. Ke4 g6 65. Ke3 Kf5 66. Ke2 Ng2 67. Kf3 Nf4 68. Ke3 Kxe5 69. Kf3 Nxh3 70. Kg4 Nf2+ 71. Kxh4 f5 72. Kg3 Ne4+ 73. Kf3 f4 74. Kg4 g5 75. Kf3 Kf5 76. Kg2 Kg4 77. Kf1 Kg3 78. Kg1 Nc5 79. Kf1 f3 80. Kg1 f2+ 81. Kf1 g4 82. Ke2 Kg2 83. Ke3 f1=Q 84. Kd4 Qf4+ 85. Kxc5 Qd2 86. Kc4 e5 87. Kc5 e4 88. Kc4 e3 89. Kc5 e2 90. Kc4 e1=Q 91. Kc5 Qec1+ 92. Kb5 Qdb2+ 93. Ka4 Qca1# 0-1